 Dungeon Crawl Stone Soup version 0.19.0-24-gb05acd6 (console) character file.

2 Jesseh the Magician (level 1, 0/13 HPs)
             Began as a Demonspawn Wizard on Nov 21, 2016.
             Slain by a gnoll
             ... wielding a +0 spear
              (9 damage)
             ... on level 1 of the Dungeon.
             The game lasted 00:00:33 (46 turns).

Jesseh the Magician (Demonspawn Wizard)               Turns: 46, Time: 00:00:34

Health: 0/13       AC:  2    Str:  7    XL:     1   Next: 33%
Magic:  1/4        EV: 12    Int: 19    God:
Gold:   0          SH:  0    Dex: 11    Spells: 1 memorised, 5 levels left

rFire  . . .     SeeInvis .     (no weapon)
rCold  . . .     Gourm    .     a - +0 robe
rNeg   . . .     Faith    .     (no shield)
rPois  .         Spirit   .     b - +0 hat
rElec  .         Reflect  .     (no cloak)
rCorr  .         Harm     .     (no gloves)
MR     .....                    (no boots)
Stlth  ++........               (no amulet)
                                (no ring)
                                (no ring)

@: very slightly contaminated
A: no striking features
a: no special abilities


You were on level 1 of the Dungeon.
You were not hungry.

You visited 1 branch of the dungeon, and saw 1 of its levels.

Inventory:

Armour
 a - a +0 robe (worn)
 b - a +0 hat (worn)
Books
 c - a book of Minor Magic
Comestibles
 d - a bread ration


   Skills:
 - Level 1.7 Dodging
 - Level 1.7 Stealth
 - Level 3.0 Spellcasting
 + Level 1.4 Conjurations
   Level 1.0 Summonings
   Level 0.8 Translocations


You had 5 spell levels left.
You knew the following spells:

 Your Spells              Type           Power        Failure   Level  Hunger
a - Magic Dart            Conj           #...         10%         1    None


Dungeon Overview and Level Annotations

Branches:
Dungeon (1/15)

Altars:


Message History

Welcome, Jesseh the Demonspawn Wizard.
The bosom of this dungeon contains the fabled artefact, the Orb of Zot.
Found 48 stones.
Found a staircase leading out of the dungeon.
Currently training: Conjurations(1).
Choose a target skill level: You can't see that place. [Stash: 28 stones] [the floor.]
You see here 20 stones.
A bat comes into view.
Aim: a bat (resting)
The magic dart hits the bat.
You kill the bat!
A rat and 2 kobolds come into view.
The kobold shouts!
The kobold throws a stone.
The stone barely misses you.
Found a slice of pizza.
Found a stone staircase leading down.
The kobold shouts!
The kobold throws a stone.
The stone closely misses you.
You see here 2 stones.
Aim: a rat You miscast Magic Dart.
You are very lightly contaminated with residual magic.
Sparks fly from your hands!
The kobold moves out of view.
Aim: a rat The magic dart hits the rat.
You kill the rat!
Aim: a kobold, wielding a short sword The magic dart hits the kobold.
The kobold throws a stone.
The stone hits you but does no damage.
You don't have enough magic to cast that spell.
Unknown command.
The kobold throws a stone.
The stone barely misses you.
You see here a stone.
The kobold hits you with a short sword.
You hit the kobold.
You kill the kobold!
A gnoll comes into view. It is wielding a spear.
You don't have enough magic to cast that spell.
You miss the kobold. The kobold closely misses you.
You closely miss the kobold. The kobold hits you but does no damage.
You closely miss the kobold.
The gnoll hits you from afar with a spear!
Ouch! That really hurt!
You die...

..▒ ▒.. ....▒.. .€..▒..
....... >...... .......
%.....)▒▒▒▒▒ ▒ ▒
........6..▒ .▒▒ ▒▒
.......K▒▒.▒▒ ▒▒▒▒.▒.▒▒.
......g(▒▒..▒▒▒▒....▒.▒.▒
......†.▒▒.▒.▒▒..▒▒.▒▒..▒
.......€...▒.▒.▒▒▒▒.▒▒▒.▒
.......▒▒▒▒▒.▒▒.▒▒.▒▒▒.▒▒
....... ▒▒..▒▒▒▒...▒▒▒
....... ▒▒▒▒ ▒▒▒▒▒
▒▒.....


You could see a gnoll and a kobold.

Vanquished Creatures
  A bat (D:1)
  A kobold (D:1)
  A rat (D:1)
3 creatures vanquished.

Notes
Turn   | Place    | Note
-------+----------+-------------------------------------------
     0 | D:1      | Jesseh the Demonspawn Wizard began the quest for the Orb.
     0 | D:1      | Reached XP level 1. HP: 13/13 MP: 4/4
    46 | D:1      | Slain by a gnoll

Action                   || total
-------------------------++-------
Melee: Unarmed           ||     4
 Cast: Magic Dart        ||     3
Armor: Robe              ||     2
Dodge: Dodged            ||     4

Vault maps used:
D:1:      dpeg_arrival_signposts, hangedman_decor_riveting, lemuel_old_faithful

Table legend:
 A = Turns spent in this place as a percentage of turns spent in the entire game.
 B = Non-inter-level travel turns spent in this place as a percentage of non-inter-level travel turns spent in the entire game.
 C = Inter-level travel turns spent in this place as a percentage of turns spent in this place.
 D = Turns resting spent in this place as a percentage of non-inter-level travel turns spent in this place.
 E = Turns spent auto-exploring this place as a percentage of non-inter-level travel turns spent in this place.
 F = Non-inter-level travel turns spent in this place divided by the number of levels of this place that you've seen.
                   A       B       C       D       E      F
               +-------+-------+-------+-------+-------+----------------------
         Total | 100.0 | 100.0 |   0.0 |   0.0 |   4.5 |  22.0
       Dungeon | 100.0 | 100.0 |   0.0 |   0.0 |   4.5 |  22.0
               +-------+-------+-------+-------+-------+----------------------

Table legend:
 A = Kills in this place as a percentage of kills in entire the game.
 B = Kills by you in this place as a percentage of kills by you in the entire game.
 C = Kills by friends in this place as a percentage of kills by friends in the entire game.
 D = Other kills in this place as a percentage of other kills in the entire game.
 E = Experience gained in this place as a percentage of experience gained in the entire game.
 F = Experience gained in this place divided by the number of levels of this place that you have seen.
                   A       B       C       D       E      F
               +-------+-------+-------+-------+-------+----------------------
         Total | 100.0 | 100.0 |  -nan |  -nan | 100.0 |   4.0
       Dungeon | 100.0 | 100.0 |  -nan |  -nan | 100.0 |   4.0
               +-------+-------+-------+-------+-------+----------------------
